 Dungeon Crawl Stone Soup version 0.31.0-11-ge490571c62 (webtiles) character file.

Game seed: 4155592015077945137

109 Ashen the Sneak (level 4, -2/32 HPs)
             Began as a Gnoll Enchanter on Feb 3, 2024.
             Slain by an orc priest
             ... wielding a +0 flail
              (7 damage)
             ... on level 3 of the Dungeon.
             The game lasted 00:04:35 (1995 turns).

Ashen the Sneak (Gnoll Enchanter)                   Turns: 1995, Time: 00:04:36

Health: -2/32      AC:  2    Str:  8    XL:     4   Next: 89%
Magic:  1/11       EV: 14    Int: 14    God:
Gold:   65         SH:  0    Dex: 14    Spells: 11/13 levels left

rFire   . . .        a - +1 dagger
rCold   . . .        (no shield)
rNeg    . . .        b - +0 robe
rPois   .            (no helmet)
rElec   .            (no cloak)
rCorr   .            (no gloves)
SInv    .            (no boots)
Will    .....        (no amulet)
Stlth   +++          (no ring)
HPRegen 0.25/turn    (no ring)
MPRegen 0.12/turn

%: no passive effects
@: very slightly contaminated, invisible
A: fangs 1, strong nose, distributed training
a: no special abilities


You were on level 3 of the Dungeon.
You visited 1 branch of the dungeon, and saw 3 of its levels.

You collected 65 gold pieces.

Inventory:

Hand Weapons
 a - a +1 dagger (weapon)
 i - a +0 great sword
Armour
 b - a +0 robe (worn)
Jewellery
 l - a ring of protection from fire
Wands
 k - a wand of mindburst (14)
Scrolls
 f - a scroll of enchant weapon {unknown}
 g - 2 scrolls of identify {unknown}
 h - a scroll of amnesia {unknown}
Potions
 c - a potion of invisibility
 d - 2 potions of lignification {unknown}
 e - a potion of brilliance {unknown}
 j - a potion of attraction {unknown}


   Skills:
 + Level 1.3 Fighting
 + Level 2.8 Short Blades
 + Level 1.3 Long Blades
 + Level 1.3 Axes
 + Level 1.3 Maces & Flails
 + Level 1.3 Polearms
 + Level 1.3 Staves
 + Level 1.3 Ranged Weapons
 + Level 1.3 Throwing
 + Level 1.3 Armour
 + Level 4.7 Dodging
 + Level 6.1 Stealth
 + Level 1.3 Shields
 + Level 1.3 Unarmed Combat
 + Level 5.1 Spellcasting
 + Level 1.0 Conjurations
 + Level 5.5 Hexes
 + Level 1.0 Summonings
 + Level 1.0 Necromancy
 + Level 1.0 Translocations
 + Level 1.0 Fire Magic
 + Level 1.0 Ice Magic
 + Level 1.0 Air Magic
 + Level 1.0 Earth Magic
 + Level 1.0 Alchemy
 + Level 1.4 Invocations
 + Level 1.3 Evocations
 + Level 1.2 Shapeshifting


You had 11 spell levels left.
You knew the following spells:

 Your Spells              Type           Power      Damage    Failure   Level
a - Ensorcelled Hibernat  Hex/Ice        24%        N/A       7%          2

Your spell library contained the following spells:

 Spells                   Type           Power      Damage    Failure   Level
 Confusing Touch          Hex            19%        N/A       5%          3
 Tukima's Dance           Hex            19%        N/A       5%          3
 Dazzling Flash           Conj/Hex       24%        N/A       13%         3
 Haunt                    Necr/Summ      3%         N/A       100%        7
 Borgnjor's Revivificati  Necr           3%         N/A       100%        8
 Death's Door             Necr           3%         N/A       100%        9


Dungeon Overview and Level Annotations

Branches:
Dungeon (3/15)

Altars:


Innate Abilities, Weirdness & Mutations

You have very sharp teeth.
Your uncanny sense of smell can sniff out nearby items.
Your experience applies equally to all skills.


Message History

The orc closely misses you.
You hit the orc but do no damage. Your bite misses the orc.
The orc is moderately wounded.
The orc barely misses you.
You hit the orc but do no damage. You bite the orc, but do no damage.
The orc is moderately wounded.
The orc hits you with a +0 hand axe.
* * * LOW HITPOINT WARNING * * *
The orc priest shouts!
You hit the orc. You bite the orc, but do no damage.
The orc is heavily wounded.
The orc misses you.
Casting: Ensorcelled Hibernation (safe; 7% risk of failure)
Confirm with . or Enter, or press ? or * to list all spells.
Aiming: Ensorcelled Hibernation (safe; 7% risk of failure)
Press: ? - help, Shift-Dir - straight line, f/p - orc
Aim: an orc, wielding a +0 hand axe and wearing a +0 chain mail (heavily wounded, chance to affect: 63%)
You miscast Ensorcelled Hibernation.
You are very lightly contaminated with residual magic.
Nothing appears to happen.
The orc attacks as it pursues you! The orc hits you with a +0 hand axe.
* * * LOW HITPOINT WARNING * * *
You fade into invisibility!
You hit the orc.
The orc is severely wounded.
You hit the orc but do no damage.
The orc is severely wounded.
The orc closely misses you.
You barely miss the orc priest.
You bite the orc priest, but do no damage.
The orc priest barely misses you.
You hit the orc priest.
The orc priest is moderately wounded.
The orc priest hits you with a +0 flail.
* * * LOW HITPOINT WARNING * * *
You hit the orc priest.
You bite the orc priest, but do no damage.
The orc priest is moderately wounded.
The orc priest hits you with a +0 flail!
You die...

# ##...### ##....
##......###.....
########..###.......#
#.................###
.####...####......†#
#....#####)....#..#
##..###....)#####...#
#..#....##### ...#
#†##@#### >... #<)oo#
...# ###### ...# ...#


You could see an orc priest (unable to see you) and an orc (unable to see you).

Vanquished Creatures
  An orc wizard (D:3)
  2 adders (D:2)
  A dart slug (D:2)
  A ribbon worm (D:2)
  6 orcs
  5 ball pythons
  4 bats
  4 endoplasms
  3 giant cockroaches (D:1)
  5 goblins
  5 hobgoblins
  2 quokkas
  3 frilled lizards
  8 kobolds
  2 rats
52 creatures vanquished.

Notes
Turn   | Place    | Note
-------+----------+-------------------------------------------
     0 | D:1      | Ashen the Gnoll Enchanter began the quest for the Orb.
     0 | D:1      | Reached XP level 1. HP: 13/13 MP: 6/6
   163 | D:1      | Reached XP level 2. HP: 19/19 MP: 7/7
   473 | D:1      | Learned a level 2 spell: Ensorcelled Hibernation
   678 | D:2      | Reached skill level 5 in Spellcasting
   678 | D:2      | Reached XP level 3. HP: 16/25 MP: 7/9
   766 | D:2      | Reached skill level 6 in Stealth
   908 | D:2      | Reached skill level 1 in Invocations
   924 | D:1      | Reached skill level 1 in Fighting
   924 | D:1      | Reached skill level 1 in Long Blades
   924 | D:1      | Reached skill level 1 in Axes
   924 | D:1      | Reached skill level 1 in Maces & Flails
   924 | D:1      | Reached skill level 1 in Polearms
   924 | D:1      | Reached skill level 1 in Staves
   924 | D:1      | Reached skill level 1 in Ranged Weapons
   924 | D:1      | Reached skill level 1 in Throwing
   924 | D:1      | Reached skill level 1 in Armour
   924 | D:1      | Reached skill level 1 in Shields
   924 | D:1      | Reached skill level 1 in Unarmed Combat
   924 | D:1      | Reached skill level 1 in Evocations
  1185 | D:2      | Reached skill level 1 in Shapeshifting
  1185 | D:2      | Reached XP level 4. HP: 32/32 MP: 11/11
  1792 | D:3      | Reached skill level 1 in Conjurations
  1792 | D:3      | Reached skill level 1 in Summonings
  1792 | D:3      | Reached skill level 1 in Necromancy
  1792 | D:3      | Reached skill level 1 in Translocations
  1792 | D:3      | Reached skill level 1 in Fire Magic
  1792 | D:3      | Reached skill level 1 in Ice Magic
  1792 | D:3      | Reached skill level 1 in Air Magic
  1792 | D:3      | Reached skill level 1 in Earth Magic
  1792 | D:3      | Reached skill level 1 in Alchemy
  1995 | D:3      | Slain by an orc priest

Illustrated notes

Levels and vault maps discovered:
D:1:      roderic_crossed_star, layout_basic
D:2:      layout_loops_ring
D:3:      layout_rooms, grunt_gozag_statues, serial_bayou_pond_e,
          hangedman_decor_points, amcnicky_mini_rare_corridor_liquid, uniq_ijyb

Skill      XL: |  1  2  3  4 |
---------------+-------------+-----
Spellcasting   | 5 |  5.1
Stealth        | 6 |  6.1
Invocations    | 1 |  1.4
Fighting       | 1 |  1.3
Long Blades    | 1 |  1.3
Axes           | 1 |  1.3
Maces & Flails | 1 |  1.3
Polearms       | 1 |  1.3
Staves         | 1 |  1.3
Ranged Weapons | 1 |  1.3
Throwing       | 1 |  1.3
Armour         | 1 |  1.3
Shields        | 1 |  1.3
Unarmed Combat | 1 |  1.3
Evocations     | 1 |  1.3
Shapeshifting  | 1 |  1.2
Conjurations   | 1 |  1.0
Summonings     | 1 |  1.0
Necromancy     | 1 |  1.0
Translocations | 1 |  1.0
Fire Magic     | 1 |  1.0
Ice Magic      | 1 |  1.0
Air Magic      | 1 |  1.0
Earth Magic    | 1 |  1.0
Alchemy        | 1 |  1.0
Short Blades   | |  2.8
Dodging        | |  4.7
Hexes          | |  5.5

Action                     |  1- 3 |  4- 6 || total
---------------------------+-------+-------++-------
  Melee: Dagger            |   104 |    75 ||   179
         Bite              |    11 |    10 ||    21
         Punch             |     1 |     1 ||     2
   Cast: Ensorcelled Hiber |    10 |    19 ||    29
    Use: Potion            |       |     1 ||     1
   Stab: Sleeping          |    20 |    10 ||    30
 Armour: Robe              |    44 |    57 ||   101
  Dodge: Dodged            |    63 |    77 ||   140
